AoeStats
← AMANSIZ TAYYAR

Arena

504575546Analyzed
1v1 RM · 27d ago on Sep 5, 2026· 27m 1s· 2 players
Game mode
Random Map
Map size
Tiny (2 player)
Population
200
Speed
Normal
Resources
Standard
Victory
Conquest
Starting age
Dark Age
Ending age
Imperial Age
RankedLock teamsTeams togetherTeam positionsShared explorationLock speedFull tech treeHidden civsTurbo modeCheats
Victory
Defeat
🇹🇷 Turks · Türkiye
963
+15
🇮🇹 Celts · Italy
946
-15
Zanocrate
0:29 Loom
11:23 Feudal Age
12:48 Wheelbarrow
16:10 Castle Age
19:32 Double-Bit Axe
AMANSIZ TAYYAR
11:03 Feudal Age
15:44 Castle Age
14:27 Gold Mining
14:24 Double-Bit Axe
22:22 Imperial Age
21:40 Bow Saw
22:16 Gold Shaft Mining
22:35 Horse Collar
25:33 Heavy Plow
27:59 Two-Man Saw
Connection lost

Rejoining the realm…

Still unreachable

The connection could not be restored.

Session expired

The server has moved on; the page needs a fresh start.